 Dungeon Crawl Stone Soup version 0.25-a0-598-gc9c9e4cfe1 (webtiles) character file.

Game seed: 11282138525338600664, levelgen mode: deterministic

3365 belgend the Cleaver (level 9, -4/88 HPs)
             Began as a Troll Monk on Mar 15, 2020.
             Slain by an orc warrior
             ... wielding a cursed +0 halberd
              (19 damage)
             ... in a bailey.
             The game lasted 00:30:48 (5768 turns).

belgend the Cleaver (Troll Monk)                    Turns: 5768, Time: 00:30:48

Health: -4/88      AC:  7    Str: 21    XL:     9   Next: 73%
Magic:  8/8        EV: 12    Int:  9    God:
Gold:   302        SH:  0    Dex: 12    Spells: 8/8 levels left

rFire    . . .     SeeInvis .   A - +5 war axe (elec)
rCold    . . .     Gourm    +   (no shield)
rNeg     . . .     Faith    .   B - +1 robe {Archmagi}
rPois    .         Spirit   .   (helmet restricted)
rElec    .         Reflect  .   (no cloak)
rCorr    .         Harm     .   (gloves unavailable)
MR       +....                  (boots unavailable)
Stlth    ++........             H - amulet of the gourmand
HPRegen  0.64/turn              y - ring of protection from magic
MPRegen  0.11/turn              K - ring of wizardry

@: no status effects
A: large, unfitting armour, claws 3, fast metabolism 3, gourmand, regeneration
1, shaggy fur 1, tough skin 3
a: no special abilities


You were in a bailey.
You were not hungry.

You visited 1 branch of the dungeon, and saw 9 of its levels.
You also visited: Bailey.

You collected 392 gold pieces.
You spent 90 gold pieces at shops.

Inventory:

Hand Weapons
 c - a +0 short sword
 d - a +0 hand axe of electrocution
 m - a +0 flail
 x - a +0 giant spiked club
 z - a +3 vorpal falchion
 A - a +5 war axe of electrocution (weapon)
 E - a +0 glaive
Armour
 a - a +1 robe
 B - a +1 robe of the Archmagi (worn)
Jewellery
 p - an uncursed amulet of harm
 y - a ring of protection from magic (left claw)
 F - an uncursed ring of wizardry
 H - an amulet of the gourmand (around neck)
 K - a ring of wizardry (right claw)
Wands
 r - a wand of iceblast (16)
 I - a wand of clouds (6)
 M - a wand of acid (11)
 N - a wand of paralysis (19)
Scrolls
 e - 3 scrolls of teleportation
 i - 4 scrolls of remove curse
 k - a scroll of noise
 l - a scroll of identify
 n - 4 scrolls of blinking
 q - 2 scrolls of amnesia
 t - a scroll of fear
 v - a scroll of magic mapping {unknown}
 C - 2 scrolls of fog
 D - a scroll of silence {unknown}
 J - 2 scrolls of random uselessness {unknown}
Potions
 f - a potion of might
 g - 4 potions of degeneration
 h - a potion of cancellation {unknown}
 j - a potion of lignification {unknown}
 o - 2 potions of flight {unknown}
 s - 2 potions of haste
 u - 2 potions of heal wounds {unknown}
 w - 3 potions of brilliance
 G - a potion of mutation {unknown}
 O - 2 potions of resistance
Comestibles
 b - 12 rations


   Skills:
 + Level 5.4 Fighting
 + Level 0.4 Short Blades
 + Level 8.5 Axes
 + Level 0.6(5.8) Maces & Flails
 + Level 5.4 Dodging
 + Level 2.3 Stealth
 + Level 3.4 Unarmed Combat
 + Level 0.4 Evocations


You had 8 spell levels left.
You didn't know any spells.
Your spell library was empty.

Dungeon Overview and Level Annotations

Branches:
Dungeon (9/15)             Temple (0/1) D:7          Bailey (1/1)
   Lair: D:8-11         Orc: D:9-12

Altars:
Ashenzari
Cheibriados
Okawaru
Trog

Shops:
D:6 *


Innate Abilities, Weirdness & Mutations

You are too large for most types of armour.
You have claws for hands.
Your metabolism is lightning-fast.
You like to eat raw meat.
Your natural rate of healing is unusually fast.
You are covered in fur. (AC +1)
You have extremely tough skin. (AC +3)


Message History

You see here a bolt.
Why would you want to do that?
The orc warrior shoots a bolt.
The bolt barely misses you.
The orc warrior hits you from afar with a cursed +0 halberd.
The orc warrior shoots a bolt.
The bolt hits you! The orc barely misses you.
The orc warrior shoots a bolt.
The bolt barely misses you.
You see here 2 bolts.
You slash the orc warrior!
Lightning courses through the orc warrior!
The orc warrior is almost dead.
The orc warrior barely misses you.
The orc warrior unwields a +0 arbalest.
The orc warrior closely misses you.
The orc hits you from afar with a +0 spear.
* * * LOW HITPOINT WARNING * * *
You slash the orc warrior!
You kill the orc warrior!
The orc warrior shoots a bolt.
The bolt hits you!
* * * LOW HITPOINT WARNING * * *
The orc warrior hits you from afar with a cursed +0 halberd!!
You die...

## #########∩##
####
##...).##...##....
#..≈≈≈@.#...#..≈≈≈
#.≈≈o≈≈.o.....≈≈o≈
+.≈.oo≈(......≈oo
#.≈≈o≈≈o...(..≈≈o
#..≈≈≈..#(..#..≈
##.....##.(.# .
#########∩## ###


You could see 4 orc warriors and 2 orcs.

Vanquished Creatures
  The ghost of Korbz the Firebug, a novice DrFE (D:6)
  A hippogriff (D:8)
  A spriggan (D:9)
  A vampire (D:9)
  A necrophage (D:6)
  An ice beast (D:7)
  2 orc warriors
  2 sky beasts
  A phantom (D:4)
  A hornet zombie (D:7)
  3 ogres
  A centaur (D:7)
  4 bullfrogs
  A big kobold (D:9)
  A scorpion (D:8)
  3 killer bees (D:7)
  5 wights (D:6)
  2 bullfrog zombies
  A hound (D:5)
  A jelly (D:9)
  2 orc priests
  A centaur skeleton (D:5)
  A bullfrog skeleton (D:6)
  2 iguanas (D:7)
  2 orc wizards
  A worker ant (D:7)
  A hound skeleton (D:4)
  Robin (D:3)
  10 gnolls
  6 adders
  2 shadow imps
  A worm (D:2)
  A dart slug (D:2)
  5 leopard geckos
  19 orcs
  3 ball pythons
  2 giant cockroaches
  10 hobgoblins
  13 jackals
  2 quokkas
  A ball python skeleton (D:5)
  8 bats
  11 frilled lizards
  12 goblins
  9 kobolds
  2 quokka skeletons
  7 rats
169 creatures vanquished.

Notes
Turn   | Place    | Note
-------+----------+-------------------------------------------
     0 | D:1      | belgend the Troll Monk began the quest for the Orb.
     0 | D:1      | Reached XP level 1. HP: 22/22 MP: 0/0
   148 | D:1      | Reached XP level 2. HP: 26/29 MP: 1/1
   500 | D:1      | Reached XP level 3. HP: 35/36 MP: 2/2
   893 | D:2      | Reached XP level 4. HP: 44/44 MP: 3/3
   909 | D:2      | Reached skill level 1 in Axes
  1450 | D:3      | Noticed Robin
  1467 | D:3      | Killed Robin
  1467 | D:3      | Reached XP level 5. HP: 52/52 MP: 4/4
  1621 | D:3      | Found an iron altar of Okawaru.
  1754 | D:3      | Reached skill level 2 in Axes
  1904 | D:4      | Noticed a phantom
  1928 | D:4      | Killed a phantom
  2014 | D:4      | Reached XP level 6. HP: 61/61 MP: 5/5
  2410 | D:5      | Entered Level 5 of the Dungeon
  2414 | D:5      | Reached skill level 3 in Axes
  2563 | D:5      | Reached XP level 7. HP: 35/67 MP: 6/6
  2745 | D:5      | Reached skill level 4 in Axes
  3268 | D:6      | Reached skill level 5 in Axes
  3360 | D:6      | Found a runed translucent door.
  3372 | D:6      | Reached XP level 8. HP: 63/78 MP: 7/7
  3595 | D:6      | Noticed Korbz's ghost (novice DrFE)
  3746 | D:6      | Found Letaxzor's General Store.
  3749 | D:6      | Bought a potion of curing for 45 gold pieces
  3749 | D:6      | Bought a potion of curing for 45 gold pieces
  4005 | D:6      | Killed Korbz's ghost
  4005 | D:6      | Reached skill level 6 in Axes
  4153 | D:7      | Reached skill level 7 in Axes
  4311 | D:7      | Found Utesch's Antique Armour Boutique.
  4359 | D:7      | Reached XP level 9. HP: 58/85 MP: 8/8
  4434 | D:7      | Reached skill level 5 in Dodging
  4529 | D:7      | Found a shattered altar of Ashenzari.
  4585 | D:7      | Found a staircase to the Ecumenical Temple.
  5210 | D:8      | Reached skill level 5 in Fighting
  5316 | D:8      | Reached skill level 8 in Axes
  5543 | D:8      | Found a snail-covered altar of Cheibriados.
  5687 | D:9      | Found a bloodstained altar of Trog.
  5749 | D:9      | Found a flagged portal.
  5759 | Bailey   | Entered a bailey
  5759 | Bailey   | Noticed an orc knight
  5768 | Bailey   | Slain by an orc warrior

Levels and vault maps discovered:
D:1:      minmay_arrival_hallway, layout_loops_ring
D:2:      layout_loops_ring, minmay_fractal_squares_gapless_5
D:3:      layout_loops_cross, marbit_many_paths, uniq_robin
D:4:      layout_cave_pools, first_ration, st_stairs_2
D:5:      layout_basic
D:6:      layout_gridville, gammafunk_ghost_grave, serial_shops,
          kennysheep_mini_moat
D:7:      layout_basic, ashenzari_altar_1, temple_green, serial_shops,
          nicolae_shop_behind_doors
D:8:      layout_basic, kennysheep_little_box
D:9:      layout_rooms, old_standard_altar, gammafunk_temple_overflow_pools,
          enter_bailey_6, the_bakery, minmay_hedge_maze, glass_columns_b
Bailey:   bailey_polearm_4, bailey

Skill      XL: |  1  2  3  4  5  6  7  8  9 |
---------------+----------------------------+-----
Dodging        | 3 4 5 |  5.4
Axes           | 1 2 3 5 7 8 |  8.5
Fighting       | 3 4 5 |  5.4
Stealth        | 2 |  2.3
Short Blades   | |  0.4
Maces & Flails | |  0.6
Unarmed Combat | |  3.4
Evocations     | |  0.4

Action                   |  1- 3 |  4- 6 |  7- 9 || total
-------------------------+-------+-------+-------++-------
Melee: Short sword       |    38 |       |       ||    38
       Unarmed           |     5 |       |       ||     5
       Hand axe          |    74 |   102 |       ||   176
       Punch             |     4 |     1 |     3 ||     8
       War axe           |       |    38 |   175 ||   213
       Giant spiked club |       |       |    12 ||    12
Evoke: Wand              |       |     1 |     3 ||     4
  Use: Potion            |     3 |       |    11 ||    14
       Scroll            |     1 |     2 |    11 ||    14
 Stab: Sleeping          |     5 |     2 |     3 ||    10
  Eat: Ration            |     2 |     5 |     8 ||    15
Armor: Robe              |    47 |    72 |    57 ||   176
Dodge: Dodged            |    89 |   122 |   139 ||   350

Table legend:
 A = Non-vault XP
 B = Vault XP
 C = Vault XP percentage of total XP
 D = Non-vault monster count
 E = Vault monster count
 F = Vault count percentage of total count
                 A         B        C        D         E       F
            +---------+---------+-------+---------+---------+-------
      Total |    3820 |     988 |  20.5 |     152 |      17 |  10.1
            +---------+---------+-------+---------+---------+-------
        D:1 |      42 |       0 |   0.0 |      27 |       0 |   0.0
        D:2 |     103 |      10 |   8.8 |      23 |       3 |  11.5
        D:3 |      39 |      32 |  45.1 |      17 |      10 |  37.0
        D:4 |     212 |       1 |   0.5 |      12 |       1 |   7.7
        D:5 |     658 |       0 |   0.0 |      21 |       0 |   0.0
        D:6 |     693 |     592 |  46.1 |      18 |       1 |   5.3
        D:7 |     796 |       0 |   0.0 |      12 |       0 |   0.0
        D:8 |     772 |       0 |   0.0 |      11 |       0 |   0.0
        D:9 |     505 |     220 |  30.3 |      11 |       1 |   8.3
     Bailey |       0 |     133 | 100.0 |       0 |       1 | 100.0
            +---------+---------+-------+---------+---------+-------
